 Dungeon Crawl Stone Soup version 0.27.1-34-g3ba077fa99 (webtiles) character file.

Game seed: 9013705754201413351

1958 Arum the Blocker (level 9, -1/74 HPs)
             Began as a Formicid Fighter on Jan 9, 2022.
             Was a Priest of Jiyva.
             Slain by a vampire (9 damage)
             ... on level 7 of the Dungeon.
             The game lasted 00:07:03 (5647 turns).

Arum the Blocker (Formicid Fighter)                 Turns: 5647, Time: 00:07:04

Health: -1/74      AC:  6    Str: 23    XL:     9   Next: 42%
Magic:  5/9        EV:  9    Int:  9    God:    Jiyva [***...]
Gold:   99         SH: 11    Dex: 10    Spells: 8/8 levels left

rFire    . . .     SeeInvis +   a - +1 quarterstaff (drain)
rCold    . . .     Faith    .   c - +0 kite shield
rNeg     . . .     Spirit   .   b - +0 scale mail
rPois    .         Reflect  .   (helmet unavailable)
rElec    .         Harm     .   (no cloak)
rCorr    +         Rampage  .   (no gloves)
Will     .....     Clarity  +   (no boots)
Stlth    ..........             k - amulet of the acrobat
HPRegen  0.22/turn              (no ring)
MPRegen  0.11/turn              (no ring)

@: no status effects
A: permanent stasis, dig shafts and tunnels, antennae 3, four strong arms,
clarity
a: Dig, Shaft Self, Renounce Religion, Request Jelly


You were on level 7 of the Dungeon.
You worshipped Jiyva.
Jiyva was most pleased with you.
You visited 1 branch of the dungeon, and saw 7 of its levels.

You collected 139 gold pieces.
You spent 40 gold pieces at shops.

Inventory:

Hand Weapons
 a - a +1 quarterstaff of draining (weapon)
Missiles
 l - 5 javelins
Armour
 b - a +0 scale mail (worn)
 c - a +0 kite shield (worn)
Jewellery
 k - an amulet of the acrobat (around neck)
Wands
 j - a wand of mindburst (10)
 m - a wand of flame (34)
Scrolls
 e - a scroll of brand weapon
 g - a scroll of amnesia
Potions
 d - a potion of might
 f - a potion of flight {unknown}


   Skills:
 + Level 8.1 Fighting
 + Level 7.0 Staves
 - Level 3.2 Armour
 - Level 9.0 Shields


You had 8 spell levels left.
You didn't know any spells.
Your spell library was empty.

Dungeon Overview and Level Annotations

Branches:
Dungeon (7/15)             Temple (0/1) D:4

Altars:
Elyvilon
Sif Muna
Wu Jian
Xom
Jiyva

Shops:
D:3 (=*:*   D:6 *[

Annotations:
D:6 3 runed translucent doors, Discosetron's ghost, novice DjAE; diceflayer's ghost, novice MiFi


Innate Abilities, Weirdness & Mutations

You cannot be hasted, slowed, berserked, paralysed or teleported.
You can dig through walls and to a lower floor.
You have a pair of large antennae on your head. (SInv)
Your four strong arms can wield two-handed weapons with a shield.
You possess an exceptional clarity of mind.


Message History

You block the vampire's attack. The vampire barely misses you.
You hit the vampire but do no damage.
The vampire is heavily damaged.
You block the vampire's attack. The vampire bites you.
The vampire draws strength from your injuries!
You thump the vampire!
The vampire is severely damaged.
You block the vampire's attack. The vampire bites you!
* * * LOW HITPOINT WARNING * * *
The vampire draws strength from your injuries!
You hit the vampire.
The vampire is heavily damaged.
The vampire hits you.
* * * LOW HITPOINT WARNING * * *
You block the vampire's attack.
You closely miss the vampire.
The vampire is heavily damaged.
You closely miss the vampire.
The vampire is heavily damaged.
The vampire hits you.
* * * LOW HITPOINT WARNING * * *
The vampire bites you.
* * * LOW HITPOINT WARNING * * *
The vampire draws strength from your injuries!
You feel better. You block the vampire's attack. x2
You hit the vampire.
The vampire is heavily damaged.
You block the vampire's attack. The vampire bites you!
* * * LOW HITPOINT WARNING * * *
The vampire draws strength from your injuries!
You barely miss the vampire.
The vampire is moderately damaged.
You block the vampire's attack. x2
The vampire barely misses you. The vampire closely misses you.
The vampire gestures at you while chanting.
You feel momentarily confused.
You closely miss the vampire.
The vampire is lightly damaged.
The vampire hits you!
You die...

<.............. #.
............... ##.
..............#
###.. ##..#
####.#.#
#...########.<....#
#..#J........#....#
#....#########.##.#
#.V.## #.##..
#.@#.## #.###.
#....##)# ######.#
#. #...#..#.##
#......####
.<..###..###
#.######... ...
#..# #.# #.## .#
#..######># #.#
#.........#########
..............###.#
..>.....######.J.


You could see a vampire (invisible) and a neutral jelly (wandering) (fellow
slime).

Vanquished Creatures
  A centaur zombie (D:7)
  Joseph (D:7)
  A steam dragon (D:6)
  Menkaure (D:6)
  A water moccasin (D:4)
  An ice beast (D:5)
  A sky beast (D:6)
  A black bear (D:6)
  A necrophage (D:5)
  An ogre (D:5)
  A phantom (D:6)
  A bullfrog (D:6)
  3 scorpions
  A water moccasin skeleton (D:6)
  An orc priest (D:3)
  A hound (D:5)
  2 iguanas
  Terence (D:2)
  A hound skeleton (D:4)
  3 gnolls (D:2)
  6 adders
  2 white imps
  An ufetubus (D:5)
  3 dart slugs
  11 orcs
  3 endoplasms
  4 hobgoblins
  4 jackals (D:2)
  3 kobolds
  2 quokkas
  8 ball pythons
  5 bats
  3 frilled lizards
  3 goblins
  3 rats
86 creatures vanquished.

Vanquished Creatures (others)
  A steam dragon (D:7)
  An ice beast (D:5)
  A scorpion (D:5)
  A howler monkey (D:6)
  10 jellies
  An orc priest (D:5)
  2 orc wizards (D:5)
  5 adders
  A shadow imp (D:7)
  An adder skeleton (D:4)
  A worm (D:2)
  A dart slug (D:4)
  3 orcs
  A quokka (D:4)
  5 ball pythons
  4 frilled lizards
  3 kobolds
  2 rats
  2 butterflies (D:2)
  11 plants
  A withered plant (D:6)
58 creatures vanquished.

Grand Total: 144 creatures vanquished

Notes
Turn   | Place    | Note
-------+----------+-------------------------------------------
     0 | D:1      | Arum the Formicid Fighter began the quest for the Orb.
     0 | D:1      | Reached XP level 1. HP: 18/18 MP: 1/1
   192 | D:1      | Reached XP level 2. HP: 24/24 MP: 2/2
   725 | D:2      | Reached skill level 4 in Shields
   815 | D:2      | Found a shimmering blue altar of Sif Muna.
   878 | D:2      | Reached XP level 3. HP: 29/30 MP: 3/3
  1043 | D:2      | Found a faded altar of an unknown god.
  1054 | D:2      | Reached XP level 4. HP: 25/37 MP: 4/4
  1241 | D:2      | Became a worshipper of Jiyva Jeukadgh the Shapeless
  1241 | D:2      | Reached * piety under Jiyva
  1417 | D:2      | Reached XP level 5. HP: 41/43 MP: 5/5
  1502 | D:2      | Noticed Terence
  1508 | D:2      | Killed Terence
  1509 | D:2      | Reached skill level 5 in Shields
  1908 | D:3      | Found Kapp's Jewellery Shoppe.
  1964 | D:3      | Reached XP level 6. HP: 11/49 MP: 6/6
  1988 | D:3      | Reached ** piety under Jiyva
  2230 | D:3      | Found Deodompi's Book Shop.
  2242 | D:3      | Found Midina's Assorted Antiques.
  2247 | D:3      | Bought a scroll labelled GUIVISCH LUMU for 20 gold pieces
  2247 | D:3      | Bought a scroll labelled PAPEASUANE for 20 gold pieces
  2324 | D:3      | Found Ecsufah's Antique Weapon Emporium.
  2422 | D:3      | Found Loalapum's General Store.
  2807 | D:4      | Noticed a water moccasin
  2814 | D:4      | Killed a water moccasin
  2815 | D:4      | Reached skill level 5 in Fighting
  3116 | D:4      | Found a staircase to the Ecumenical Temple.
  3320 | D:5      | Entered Level 5 of the Dungeon
  3345 | D:5      | Noticed a necrophage
  3359 | D:5      | Killed a necrophage
  3360 | D:5      | Reached skill level 6 in Shields
  3360 | D:5      | Reached XP level 7. HP: 39/56 MP: 7/7
  3873 | D:5      | Reached *** piety under Jiyva
  3884 | D:5      | Gained mutation: You possess an exceptional clarity of
                  | mind. [Jiyva's grace]
  4195 | D:5      | Found a white marble altar of Elyvilon.
  4273 | D:6      | Noticed Menkaure
  4275 | D:6      | Noticed a steam dragon
  4277 | D:6      | Reached skill level 5 in Staves
  4277 | D:6      | Reached XP level 8. HP: 34/64 MP: 8/8
  4290 | D:6      | HP: 3/64 [steam dragon/ball of steam (14)]
  4300 | D:6      | Reached skill level 7 in Shields
  4305 | D:6      | Killed Menkaure
  4884 | D:6      | Found Ojial's Armour Shoppe.
  4913 | D:6      | Found Wagoa's Neck Hole.
  4951 | D:6      | Reached skill level 8 in Shields
  5016 | D:6      | Found a runed translucent gate.
  5017 | D:6      | Found a runed translucent gate.
  5018 | D:6      | Found a runed translucent gate.
  5084 | D:6      | Found a shimmering altar of Xom.
  5089 | D:6      | Found an ornate altar of the Wu Jian Council.
  5225 | D:6      | Noticed diceflayer's ghost (novice MiFi)
  5225 | D:6      | Noticed Discosetron's ghost (novice DjAE)
  5339 | D:7      | Reached XP level 9. HP: 58/73 MP: 9/9
  5562 | D:7      | Noticed Joseph
  5584 | D:7      | Killed Joseph
  5585 | D:7      | Reached skill level 9 in Shields
  5647 | D:7      | Slain by a vampire

Illustrated notes

Levels and vault maps discovered:
D:1:      dpeg_arrival_tiny_i, layout_basic
D:2:      layout_loops_cross, hellmonk_ecumenical_altar_arch_garden,
          basic_altar, grunt_ministairs_10, minmay_splitting_lines,
          hangedman_glass_garden, grunt_decor_cap, minmay_snake_closets,
          uniq_terence
D:3:      layout_rooms, serial_shops, nicolae_shop_overgrown_old_shop,
          nicolae_shop_statue_plus, nicolae_shop_statue_plus,
          nicolae_shop_trees, nicolae_lakefront_shop
D:4:      layout_cave_pools, lemuel_temple_firewalk_b
D:5:      layout_basic, elyvilon_altar_4
D:6:      layout_cave_pools, amethyst_overflow_temple_binary, serial_shops,
          kennysheep_mini, gammafunk_ghost_cemetery,
          nicolae_shop_sticking_my_neck_out, uniq_menkaure
D:7:      layout_rooms, serial_curves, eino_curves_03, eino_curves_02,
          uniq_joseph

Skill      XL: |  1  2  3  4  5  6  7  8  9 |
---------------+----------------------------+-----
Shields        | 4 5 6 8 9 |  9.0
Fighting       | 4 5 6 7 8 |  8.1
Staves         | 3 4 5 6 7 |  7.0
Armour         | |  3.2

Action                   |  1- 3 |  4- 6 |  7- 9 || total
-------------------------+-------+-------+-------++-------
Melee: Quarterstaff      |    55 |   136 |   152 ||   343
Invok: Request Jelly     |       |     1 |     2 ||     3
 Abil: Dig               |       |       |     2 ||     2
  Use: Potion            |       |     1 |     4 ||     5
       Scroll            |       |     6 |       ||     6
Armor: Scale mail        |    28 |    40 |    40 ||   108
       Skin              |       |       |    20 ||    20
Dodge: Dodged            |    16 |    53 |    38 ||   107
Block: Kite shield       |    25 |    69 |    82 ||   176
